 Dungeon Crawl Stone Soup version 0.27.1-15-g792fb953b9 (webtiles) character file.

Game seed: 12561035467785410462

105 styxcanada the Sneak (level 4, -2/23 HPs)
             Began as a Spriggan Brigand on Nov 19, 2021.
             Slain by an orc (5 damage)
             ... on level 3 of the Dungeon.
             The game lasted 00:08:46 (3112 turns).

styxcanada the Sneak (Spriggan Brigand)             Turns: 3112, Time: 00:08:47

Health: -2/23      AC:  3    Str:  7    XL:     4   Next: 53%
Magic:  5/5        EV: 17    Int: 12    God:
Gold:   100        SH:  0    Dex: 17    Spells: 3/3 levels left

rFire    . . .     SeeInvis +   a - +2 dagger
rCold    . . .     Faith    .   (shield restricted)
rNeg     . . .     Spirit   .   b - +0 robe
rPois    .         Reflect  .   (helmet restricted)
rElec    .         Harm     .   c - +0 cloak
rCorr    .         Rampage  .   (gloves unavailable)
Will     .....                  (boots unavailable)
Stlth    ++++......             (no amulet)
HPRegen  0.07/turn              (no ring)
MPRegen  0.09/turn              (no ring)

@: very quick
A: very small, no large weapons, unfitting armour, see invisible, speed 3
a: no special abilities


You were on level 3 of the Dungeon.
You visited 1 branch of the dungeon, and saw 3 of its levels.

You collected 100 gold pieces.

Inventory:

Hand Weapons
 a - a +2 dagger (weapon)
 f - a +0 hunting sling
Missiles
 d - 6 poisoned darts (quivered)
 e - 2 curare-tipped darts
 h - 82 stones
 k - 3 boomerangs
 l - 3 boomerangs of dispersal
 n - 3 silver boomerangs
Armour
 b - a +0 robe (worn)
 c - a +0 cloak (worn)
Scrolls
 j - a scroll of teleportation
 m - a scroll of identify
Potions
 g - a potion of flight
 i - a potion of lignification


   Skills:
 * Level 1.9 Fighting
 + Level 2.8 Short Blades
 + Level 2.4 Throwing
 * Level 2.5 Dodging
 * Level 7.7 Stealth


You had 3 spell levels left.
You didn't know any spells.
Your spell library was empty.

Dungeon Overview and Level Annotations

Branches:
Dungeon (3/15)

Altars:


Innate Abilities, Weirdness & Mutations

You are very small and have problems with some larger weapons.
You are too small for most types of armour.
You have supernaturally acute eyesight. (SInv)
You cover ground extremely quickly. (Speed+++)


Message History

The orc wizard is heavily wounded.
The orc barely misses you. The orc wizard casts a spell at you.
The puff of flame hits you.
You hit the orc wizard.
The orc wizard is heavily wounded.
The orc closely misses you.
You closely miss the orc wizard.
The orc wizard is heavily wounded.
The orc wizard closely misses you. The orc hits you with a +0 flail.
* * * LOW HITPOINT WARNING * * *
You hit the orc wizard.
The orc wizard is severely wounded.
The orc wizard casts a spell.
The orc wizard flickers and vanishes for a moment.
You hit the orc wizard.
The orc wizard is almost dead.
The orc closely misses you. The orc wizard casts a spell at you.
The puff of flame misses you.
You closely miss the orc wizard.
The orc wizard is almost dead.
The orc completely misses you. The orc wizard closely misses you.
You hit the orc wizard but do no damage.
The orc wizard is almost dead.
The orc completely misses you.
The orc wizard hits you with a +0 dagger.
* * * LOW HITPOINT WARNING * * *
You barely miss the orc wizard.
The orc wizard is almost dead.
The orc barely misses you.
The orc wizard hits you with a +0 dagger.
* * * LOW HITPOINT WARNING * * *
You hit the orc wizard.
The orc wizard is almost dead.
The orc closely misses you.
You hit the orc wizard.
You kill the orc wizard!
The orc hits you with a +0 flail.
You die...

#####.# ##.. .. #.#
### ##.# #.#####
######...## #.....##
#.........# #####..#
#.........#
######.###.........#
#...##.............#
#.<.######..........
#.o@######.........#
#..................#
#...###..######.....
##### ##)##########.
#o....... #........
#........ #........
#........


You could see an orc.

Vanquished Creatures
  An orc wizard (D:3)
  An adder (D:2)
  2 worms
  3 dart slugs
  An orc (D:3)
  4 ball pythons
  7 endoplasms
  3 giant cockroaches
  5 goblins
  2 hobgoblins (D:1)
  5 jackals
  2 quokkas (D:2)
  3 bats
  3 frilled lizards
  7 kobolds
  6 rats
55 creatures vanquished.

Notes
Turn   | Place    | Note
-------+----------+-------------------------------------------
     0 | D:1      | styxcanada the Spriggan Brigand began the quest for the
                  | Orb.
     0 | D:1      | Reached XP level 1. HP: 10/10 MP: 2/2
    31 | D:1      | Reached skill level 6 in Stealth
   270 | D:1      | Reached XP level 2. HP: 12/14 MP: 3/3
   454 | D:1      | Found a faded altar of an unknown god.
   454 | D:1      | Noticed a tormentor
  1206 | D:2      | Reached skill level 7 in Stealth
  1206 | D:2      | Reached XP level 3. HP: 18/18 MP: 4/4
  2517 | D:3      | Reached XP level 4. HP: 14/23 MP: 5/5
  3112 | D:3      | Slain by an orc

Illustrated notes

Levels and vault maps discovered:
D:1:      saegor_arrival_simple_e, layout_loops_corners,
          dreamdust_ecumenical_altar_sealed_demon, hangedman_decor_opposing,
          fountainhead
D:2:      layout_basic
D:3:      layout_rooms, uniq_jessica

Skill      XL: |  1  2  3 |
---------------+----------+-----
Stealth        | 6 7 |  7.7
Dodging        | 2 |  2.5
Fighting       | |  1.9
Short Blades   | |  2.8
Throwing       | |  2.4

Action                   |  1- 3 |  4- 6 || total
-------------------------+-------+-------++-------
Melee: Dagger            |   168 |    39 ||   207
Throw: Dart              |    18 |     7 ||    25
  Use: Scroll            |     4 |     1 ||     5
 Stab: Sleeping          |    10 |     2 ||    12
Armor: Robe              |    11 |     1 ||    12
Dodge: Dodged            |   110 |    34 ||   144
